 Dungeon Crawl Stone Soup version 0.20-a0-493-g19c8d8d (webtiles) character file.

7300 DarthKuruptios2 the Fighter (level 11, -5/79 HPs)
             Began as a Gargoyle Fighter on Jan 9, 2017.
             Was an Elder of Okawaru.
             Slain by a death yak (12 damage)
             ... on level 10 of the Dungeon on Jan 18, 2017.
             The game lasted 00:37:20 (11450 turns).

DarthKuruptios2 the Fighter (Gargoyle Fighter)     Turns: 11450, Time: 00:37:21

Health: -5/79      AC: 19    Str: 20    XL:     11   Next: 13%
Magic:  24/24      EV: 13    Int:  9    God:    Okawaru [****..]
Gold:   559        SH:  0    Dex: 17    Spells: 9/16 levels left

rFire    + . .     SeeInvis .   O - +3 dire flail (holy)
rCold    . . .     Gourm    .   e - +0 plate armour
rNeg     + . .     Faith    .   (shield currently unavailable)
rPois    ∞         Spirit   .   (no helmet)
rElec    +         Reflect  .   I - +0 cloak
rCorr    .         Harm     .   (no gloves)
MR       .....                  (no boots)
Stlth    ..........             (no amulet)
Regen    0.3/turn               y - ring of magical power
                                J - ring of stealth

@: agile
A: thin metallic scales 1, blink, blurry vision 1, deformed body, fire
resistance 1, negative energy resistance 1, robust 1, electricity resistance,
unbreathing, petrification resistance, rot immunity, MP-powered wands, AC +7
a: Blink, Heroism, Renounce Religion


You were on level 10 of the Dungeon.
You worshipped Okawaru.
Okawaru was greatly pleased with you.
You were not hungry.

You visited 2 branches of the dungeon, and saw 12 of its levels.

You collected 900 gold pieces.
You spent 341 gold pieces at shops.

Inventory:

Hand Weapons
 a - a +1 flail
 F - a +0 arbalest
 O - a +3 dire flail of holy wrath (weapon)
Missiles
 D - 60 bolts
Armour
 c - a +1 shield
 e - a +0 plate armour (worn)
 p - the +1 chain mail "Ynuntutu" {rN+}
   (You bought it in a shop on level 8 of the Dungeon)

   It protects you from negative energy.
 I - a +0 cloak (worn)
Jewellery
 m - an uncursed ring of positive energy
 y - a ring of magical power (right hand)
 J - a ring of stealth (left hand)
 P - an uncursed ring of stealth
Wands
 q - a wand of paralysis (24/24)
 L - a wand of scattershot (2/9)
 N - a wand of lightning (7/15)
Scrolls
 b - 3 scrolls of amnesia
 h - a scroll of identify
 l - a scroll of enchant armour
 n - 4 scrolls of teleportation
 s - 2 scrolls of fog
 u - a scroll of holy word
 v - 4 scrolls of remove curse
 G - a scroll of vulnerability
Potions
 d - a potion of haste
 g - a potion of resistance
 i - a potion of brilliance
 j - a potion of cancellation
 k - 2 potions of flight
 A - a potion of agility
 B - a potion of invisibility {unknown}
 C - a potion of mutation
 E - a potion of cure mutation {unknown}
Books
 t - a book of Changes

   Spells                             Type                      Level
   a - Beastly Appendage              Transmutation                1
   b - Sticks to Snakes               Transmutation                2
   c - Spider Form                    Transmutation/Poison         3
   d - Ice Form                       Ice/Transmutation            4
   e - Blade Hands                    Transmutation                5
 w - a book of Misfortune

   Spells                             Type                      Level
   a - Confusing Touch                Hexes                        1
   b - Confuse                        Hexes                        3
   c - Gell's Gravitas                Hexes/Translocation          3
   d - Petrify                        Transmutation/Earth          4
   e - Metabolic Englaciation         Hexes/Ice                    5
   f - Yara's Violent Unravelling     Hexes/Transmutation          5
 K - a book of Cantrips

   Spells                             Type                      Level
   a - Confusing Touch                Hexes                        1
   b - Animate Skeleton               Necromancy                   1
   c - Summon Small Mammal            Summoning                    1
   d - Apportation                    Translocation                1
Comestibles
 f - 10 bread rations
 r - 3 meat rations
 z - 5 royal jellies
 H - a beef jerky


   Skills:
 * Level 9.8 Fighting
 + Level 6.6 Maces & Flails
 * Level 5.8 Crossbows
 + Level 7.2 Armour
 + Level 4.2 Dodging
 + Level 8.3 Shields
 - Level 3.0 Spellcasting
 - Level 2.6 Transmutations


You had 9 spell levels left.
You knew the following spells:

 Your Spells              Type           Power        Failure   Level  Hunger
a - Sticks to Snakes      Tmut           #.......     100%        2    ###....
b - Blade Hands           Tmut           #.........   100%        5    ######.


Dungeon Overview and Level Annotations

Branches:
Dungeon (11/15)            Temple (1/1) D:4            Lair (0/6) D:11
    Orc (0/2) D:10

Altars:
Ashenzari
Cheibriados
Dithmenos
Elyvilon
Fedhas
Gozag
Hepliaklqana
Kikubaaqudgha
Makhleb
Nemelex Xobeh
Okawaru
Qazlal
Ru
Sif Muna
Trog
Uskayaw
Vehumet
Xom
Yredelemnul
Zin
The Shining One

Shops:
D:8 [   D:9 ?


Innate Abilities, Weirdness & Mutations

You are resistant to torment.
Your stone body is resilient. (AC +7)
You are immune to poison.
You resist negative energy. (rN+)
You are resistant to electric shocks. (rElec)
You can survive without breathing.
You are immune to petrification.
You are immune to rotting.
You are partially covered in thin metallic scales. (AC +2)
You can translocate small distances at will.
Scrolls take you a little longer to read.
Armour fits poorly on your strangely shaped body.
Your flesh is heat resistant. (rF+)
You are robust. (+10% HP)
You expend magic power (3 MP) to strengthen your wands.


Message History

You hit the death yak but do no damage.
The death yak is almost dead.
The death yak barely misses you. The crocodile bites you.
* * * LOW HITPOINT WARNING * * *
You hit the death yak.
The death yak is almost dead.
The death yak gores you.
* * * LOW HITPOINT WARNING * * *
The crocodile bites you.
* * * LOW HITPOINT WARNING * * *
You barely miss the death yak.
The death yak is almost dead.
The death yak gores you but does no damage.
You hit the death yak but do no damage.
The death yak is almost dead.
The crocodile misses you. The death yak barely misses you.
You hit the death yak but do no damage.
The death yak is almost dead.
The crocodile barely misses you. The death yak gores you!
You die...

..........#..#.##...........#..(.
...##..##.#..#.##...........#....
...##..##.#..#.##.....####..#....
.......##.#..#.##...#.# #..#....
..........#..#........# #..#....
..####....#..##'##....# #.......
..#..#....#......#....# #.......
###..#....#......#.#..# #.......
.##..#....#.....@#.#..# ##+####.
.##.(#....#....tY#(#..# #....'.
.##..#....#.....H#.#..# #....#.
###..#....#..###'#....### #..###.
..#..#....#..##..###....###..#...
..#..#..#.#..##....#....#....#.##
#>#..#..#.'..##....#.##.#....#.#
..#.....#.#..##....#.##.#....#.#
#####.###.#..##....'.##.'....#.#


You could see a death yak, a hippogriff and a crocodile.

Vanquished Creatures
  A two-headed ogre (D:10)
  The ghost of RexxRaptorr the Martial Artist, a novice OpTm of Okawaru (D:8)
  A cyclops (D:11)
  Joseph (D:8)
  Prince Ribbit (D:5)
  A hornet (D:10)
  A hippogriff (D:9)
  Eustachio (D:6)
  3 hungry ghosts
  An acid dragon (D:11)
  2 sky beasts
  3 ice beasts
  An orc warrior (D:10)
  2 ogres
  2 phantoms
  A necrophage (D:10)
  A hornet zombie (D:9)
  2 eyes of draining
  2 black bears
  3 centaurs
  3 bullfrogs
  2 scorpions
  16 killer bees
  3 wights (D:9)
  5 crimson imps
  2 quasits (D:9)
  2 jellies
  8 orc wizards
  A centaur zombie (D:5)
  8 orc priests
  A centaur skeleton (D:8)
  9 worker ants
  2 worker ant zombies
  8 gnolls
  14 adders
  3 shadow imps
  2 adder skeletons (D:4)
  3 worms
  A dart slug (D:4)
  5 leopard geckos
  55 orcs
  4 ball pythons
  6 bats
  6 giant cockroaches
  8 goblins
  5 hobgoblins
  18 jackals
  9 quokkas
  6 frilled lizards
  10 kobolds
  A leopard gecko zombie (D:5)
  A quokka skeleton (D:8)
  5 rats
263 creatures vanquished.

Notes
Turn   | Place    | Note
-------+----------+-------------------------------------------
     0 | D:1      | DarthKuruptios2 the Gargoyle Fighter began the quest for the Orb.
     0 | D:1      | Reached XP level 1. HP: 14/14 MP: 1/1
   282 | D:1      | Reached XP level 2. HP: 17/19 MP: 2/2
   303 | D:1      | You fall through a shaft!
   475 | D:1      | Reached XP level 3. HP: 23/23 MP: 3/3
   984 | D:2      | Reached XP level 4. HP: 6/29 MP: 4/4
  1534 | D:3      | Noticed an eye of draining
  1554 | D:3      | Killed an eye of draining
  1554 | D:3      | Reached skill level 4 in Fighting
  1554 | D:3      | Reached XP level 5. HP: 32/33 MP: 1/5
  1608 | D:3      | Learned a level 2 spell: Sticks to Snakes
  2296 | D:4      | Found a staircase to the Ecumenical Temple.
  2302 | D:4      | Reached skill level 1 in Spellcasting
  2312 | D:4      | Reached skill level 1 in Transmutations
  2312 | D:4      | Reached XP level 6. HP: 38/39 MP: 7/7
  2335 | Temple   | Entered the Ecumenical Temple
  2650 | Temple   | Became a worshipper of Warmaster Okawaru
  3264 | D:4      | Upgraded the game from 0.20-a0-454-g2b43fbb to 0.20-a0-493-g19c8d8d
  3623 | D:5      | Entered Level 5 of the Dungeon
  3679 | D:5      | Noticed an ice beast
  3680 | D:5      | Found an iron altar of Okawaru.
  3700 | D:5      | Killed an ice beast
  3700 | D:5      | Reached * piety under Okawaru
  3700 | D:5      | Reached XP level 7. HP: 18/44 MP: 10/10
  3721 | D:5      | Reached skill level 5 in Shields
  4049 | D:5      | Learned a level 5 spell: Blade Hands
  4270 | D:5      | Reached skill level 5 in Fighting
  4372 | D:5      | Reached ** piety under Okawaru
  4372 | D:5      | Reached skill level 1 in Dodging
  4372 | D:5      | Reached XP level 8. HP: 43/49 MP: 12/12
  4523 | D:5      | Gained mutation: Armour fits poorly on your strangely shaped body. [mutagenic meat]
  4524 | D:5      | Gained mutation: You have a pair of small horns on your head. [mutagenic meat]
  4525 | D:5      | Gained mutation: You are partially covered in thin metallic scales. (AC +2) [mutagenic meat]
  4526 | D:5      | Gained mutation: You are clumsy. (Dex -2) [mutagenic meat]
  4527 | D:5      | Gained mutation: Scrolls take you a little longer to read. [mutagenic meat]
  4962 | D:5      | Noticed Prince Ribbit
  4985 | D:5      | Killed Prince Ribbit
  5144 | D:5      | Gained mutation: You can translocate small distances at will. [potion of mutation]
  5144 | D:5      | Lost mutation: You are clumsy. (Dex -2) [potion of mutation]
  5144 | D:5      | Gained mutation: You expend magic power (3 MP) to strengthen your wands. [potion of mutation]
  5465 | D:6      | Noticed Eustachio
  5482 | D:6      | Killed Eustachio
  5482 | D:6      | Reached *** piety under Okawaru
  5482 | D:6      | Reached skill level 6 in Fighting
  5482 | D:6      | Reached skill level 5 in Armour
  5580 | D:6      | Reached skill level 5 in Maces & Flails
  5664 | D:6      | Reached XP level 9. HP: 37/56 MP: 13/13
  6159 | D:7      | Gained mutation: You are robust. (+10% HP) [mutagenic meat]
  6160 | D:7      | Lost mutation: You have a pair of small horns on your head. [mutagenic meat]
  6161 | D:7      | Gained mutation: Your flesh is heat resistant. (rF+) [mutagenic meat]
  6271 | D:7      | Found a hazy altar of Hepliaklqana.
  6349 | D:7      | Reached skill level 7 in Fighting
  6779 | D:8      | Noticed RexxRaptorr's ghost (novice OpTm)
  6797 | D:8      | Noticed Joseph
  6855 | D:8      | Reached skill level 1 in Crossbows
  7583 | D:8      | Killed RexxRaptorr's ghost
  7592 | D:8      | Killed Joseph
  7592 | D:8      | Reached **** piety under Okawaru
  7592 | D:8      | Reached skill level 8 in Fighting
  7592 | D:8      | Reached XP level 10. HP: 50/70 MP: 14/14
  7638 | D:8      | Found Zouzeub's Antique Armour Shoppe.
  7642 | D:8      | Bought an ichor-stained chain mail for 256 gold pieces
  7652 | D:8      | Identified the +1 chain mail "Ynuntutu" {rN+} (You bought it in a shop on level 8 of the Dungeon)
  8575 | D:9      | Found Tyilum's Magic Scroll Shoppe.
  8579 | D:9      | Bought a scroll of teleportation for 51 gold pieces
  8579 | D:9      | Bought a scroll of identify for 34 gold pieces
  8646 | D:9      | Received a gift from Okawaru
  9359 | D:9      | Reached skill level 9 in Fighting
  9780 | D:10     | Entered Level 10 of the Dungeon
  9928 | D:10     | Noticed a two-headed ogre
  9943 | D:10     | Killed a two-headed ogre
  9943 | D:10     | Reached skill level 5 in Crossbows
 10209 | D:10     | Found a staircase to the Orcish Mines.
 10465 | D:10     | Reached XP level 11. HP: 78/78 MP: 15/15
 11070 | D:11     | Noticed a cyclops
 11076 | D:11     | Killed a cyclops
 11081 | D:11     | Found a staircase to the Lair.
 11082 | D:11     | Noticed a death yak
 11450 | D:10     | Slain by a death yak

Vault maps used:
D:1:      mainiacjoe_arrival_reflecting_pool, grunt_decor_one_mirror
D:3:      first_bread
D:4:      lemuel_another_geyser
D:5:      hex_tiny, hangedman_abyss_or_decor_stagger, okawaru_altar_gauntlet_db,
          uniq_prince_ribbit1
D:6:      uniq_eustachio
D:7:      basic_altar, nicolae_underground_beach
D:8:      serial_shops, shop, uniq_joseph
D:9:      serial_shops, shop, minmay_tree_intersection, david_nohive_1
D:10:     hiddenorc2_lemuel
D:11:     david_lair_generic, serial_glass, glass_columns_a, glass_columns_a,
          glass_columns_b, glass_columns_c, glass_columns_b, glass_columns_c,
          glass_columns_b, glass_columns_b, serial_shops, shop_statue,
          minmay_misc_feat_enclosed
Temple:   compressed_dpeg_triangle_lava_temple

Skill      XL: |  1  2  3  4  5  6  7  8  9 10 |
---------------+-------------------------------+-----
Shields        | 4 5 6 7 8 |  8.3
Fighting       | 4 5 6 8 9 |  9.8
Maces & Flails | 3 4 5 6 |  6.6
Spellcasting   | 1 2 3 |  3.0
Transmutations | 1 2 |  2.6
Armour         | 4 5 6 7 |  7.2
Dodging        | 1 2 3 4 |  4.2
Crossbows      | 3 5 |  5.8

Action                   |  1- 3 |  4- 6 |  7- 9 | 10-12 || total
-------------------------+-------+-------+-------+-------++-------
Melee: Flail             |   166 |   244 |   639 |   514 ||  1563
       Headbutt          |       |       |    27 |       ||    27
       Dire flail        |       |       |       |    83 ||    83
Invok: Heroism           |       |       |     7 |     4 ||    11
 Abil: Blink             |       |       |     4 |     2 ||     6
  Use: Scroll            |     4 |     7 |     5 |     5 ||    21
       Potion            |     1 |     1 |     3 |     4 ||     9
  Eat: Chunk             |       |     9 |    22 |    12 ||    43
       Fruit             |       |       |     4 |       ||     4
       Meat ration       |       |       |     1 |       ||     1
       Beef jerky        |       |       |     1 |       ||     1
       Royal jelly       |       |       |       |     3 ||     3
Armor: Scale mail        |    69 |       |       |       ||    69
       Plate armour      |    71 |   215 |   539 |   646 ||  1471
Dodge: Dodged            |    61 |    46 |   137 |   272 ||   516
Block: Shield            |   142 |   210 |   443 |   571 ||  1366
